 Dungeon Crawl Stone Soup version 0.22-a0-567-gff9aefc (webtiles) character file.

7233 Gildeon the Cleaver (level 10, 0/93 HPs)
             Began as a Minotaur Fighter on June 27, 2018.
             Was a High Priest of Okawaru.
             Slain by a seven-headed hydra (11 damage)
             ... on level 1 of the Lair of Beasts on June 29, 2018.
             The game lasted 00:24:37 (7536 turns).

Gildeon the Cleaver (Minotaur Fighter)              Turns: 7536, Time: 00:24:38

Health: 0/93       AC: 15    Str: 24    XL:     10   Next: 88%
Magic:  9/9        EV:  9    Int:  7    God:    Okawaru [*****.]
Gold:   511        SH:  0    Dex: 13    Spells: 8/9 levels left

rFire    + . .     SeeInvis .   E - +0 flail (drain)
rCold    x . .     Gourm    .   (no shield)
rNeg     . . .     Faith    .   m - +0 plate armour
rPois    +         Spirit   .   (helmet restricted)
rElec    .         Reflect  .   (no cloak)
rCorr    .         Harm     .   (no gloves)
MR       .....                  B - +0 pair of boots
Stlth    ..........             j - amulet of regeneration
HPRegen  0.65/turn              w - ring "Meduec" {Fire rPois Str+3}
MPRegen  0.11/turn              y - +2 ring of dexterity

@: no status effects
A: retaliatory headbutt, horns 2
a: Heroism, Finesse, Renounce Religion


You were on level 1 of the Lair of Beasts.
You worshipped Okawaru.
Okawaru was extremely pleased with you.
You were not hungry.

You visited 3 branches of the dungeon, and saw 12 of its levels.

You collected 511 gold pieces.

Inventory:

Hand Weapons
 a - a +6 battleaxe
 b - a +3 war axe
 c - a +0 flail of crushing
 d - a +2 broad axe of freezing
 D - a +3 war axe of venom
 E - a +0 flail of draining (weapon)
Armour
 m - a +0 plate armour (worn)
 B - a +0 pair of boots (worn)
Jewellery
 j - an amulet of regeneration (around neck)
 w - the ring "Meduec" (left hand) {Fire rPois Str+3}
   (You found it on level 5 of the Dungeon)

   [ring of fire]

   It enhances your fire magic.
   It affects your strength (+3).
   It protects you from fire.
   It makes you vulnerable to cold.
   It protects you from poison.
 y - a +2 ring of dexterity (right hand)
Wands
 p - a wand of paralysis (21)
 v - a wand of iceblast (17)
 x - a wand of acid (11)
Scrolls
 e - a scroll of blinking
 n - 3 scrolls of teleportation
 s - 3 scrolls of remove curse
Potions
 g - 3 potions of ambrosia
 h - 2 potions of heal wounds
 i - 2 potions of lignification
 l - 6 potions of curing
 o - 2 potions of haste
 q - 3 potions of agility
 r - 3 potions of invisibility {unknown}
 t - 4 potions of magic {unknown}
 u - 2 potions of might
 z - a potion of brilliance {unknown}
 A - a potion of flight {unknown}
 C - a potion of mutation {unknown}
Comestibles
 f - 22 rations
 F - 8 chunks of flesh


   Skills:
 - Level 10.0 Fighting
 * Level 13.8 Axes
 + Level 9.8 Armour
 - Level 5.0 Dodging
   Level 3.6 Shields


You had 8 spell levels left.
You knew the following spells:

 Your Spells              Type           Power        Failure   Level  Hunger
a - Magic Dart            Conj           #...         99%         1    ##.....

Your spell library contained the following spells:

 Spells                   Type           Power        Failure   Level  Hunger


Dungeon Overview and Level Annotations

Branches:
Dungeon (10/15)            Temple (1/1) D:7            Lair (1/6) D:10
    Orc (0/2) D:10

Altars:
Ashenzari
Cheibriados
Dithmenos
Elyvilon
Fedhas
Gozag
Hepliaklqana
Kikubaaqudgha
Makhleb
Nemelex Xobeh
Okawaru
Qazlal
Ru
Sif Muna
Trog
Uskayaw
Vehumet
Wu Jian
Xom
Yredelemnul
Zin
The Shining One


Innate Abilities, Weirdness & Mutations

You reflexively headbutt those who attack you in melee.
You have a pair of horns on your head.


Message History

The seven-headed hydra resists with almost no effort.
The seven-headed hydra bites you!
* * * LOW HITPOINT WARNING * * *
The seven-headed hydra bites you!
* * * LOW HITPOINT WARNING * * *
The seven-headed hydra bites you but does no damage.
The seven-headed hydra closely misses you.
The seven-headed hydra barely misses you.
The seven-headed hydra bites you!
* * * LOW HITPOINT WARNING * * *
The seven-headed hydra bites you.
* * * LOW HITPOINT WARNING * * *
You feel much better. The seven-headed hydra bites you.
* * * LOW HITPOINT WARNING * * *
The seven-headed hydra bites you but does no damage. x2
The seven-headed hydra closely misses you.
The seven-headed hydra bites you!
* * * LOW HITPOINT WARNING * * *
The seven-headed hydra bites you!
You die...

.# .# .# .# #####
.#
#######.#.#####.#
#.............<.#
.P####.###.#####
#####@#.###...
#....D......#
#.#######..$# # #


You could see a seven-headed hydra.

Vanquished Creatures
  A two-headed ogre (D:9)
  An ugly thing (D:10)
  Joseph (D:10)
  A centaur zombie (D:10)
  A gargoyle (D:8)
  2 hippogriffs
  Sigmund (D:2)
  A yak (D:10)
  A hungry ghost (D:10)
  A steam dragon (D:7)
  2 porcupines
  2 orc warriors
  3 ice beasts
  2 necrophages
  3 sky beasts
  A phantom (D:7)
  6 ogres
  3 centaurs
  3 big kobolds
  5 bullfrogs
  A gnoll sergeant (D:7)
  A scorpion (D:5)
  4 killer bees (D:10)
  A howler monkey (D:6)
  3 wights (D:7)
  6 crimson imps
  3 jellies
  6 orc priests
  3 hounds
  4 iguanas
  10 orc wizards
  7 worker ants
  3 killer bee zombies
  A hound zombie (D:5)
  A hound skeleton (D:10)
  A howler monkey zombie (D:7)
  5 gnolls (D:7)
  6 adders
  2 shadow imps
  An ooze (D:3)
  2 worms
  A dart slug (D:1)
  2 leopard geckos
  37 orcs
  A ball python (D:1)
  7 bats
  6 giant cockroaches
  4 hobgoblins
  15 jackals
  2 quokkas
  4 frilled lizards
  6 goblins
  19 kobolds
  4 rats
  3 fungi (D:10)
  5 plants
228 creatures vanquished.

Vanquished Creatures (others)
  A fungus (Lair:1)
  A plant (D:5)
2 creatures vanquished.

Grand Total: 230 creatures vanquished

Notes
Turn   | Place    | Note
-------+----------+-------------------------------------------
     0 | D:1      | Gildeon the Minotaur Fighter began the quest for the Orb.
     0 | D:1      | Reached XP level 1. HP: 19/19 MP: 0/0
   232 | D:1      | Reached XP level 2. HP: 27/27 MP: 1/1
   367 | D:1      | Reached skill level 3 in Axes
   567 | D:2      | Reached skill level 1 in Dodging
   774 | D:2      | Noticed Sigmund
   782 | D:2      | Killed Sigmund
   782 | D:2      | Reached skill level 4 in Axes
   782 | D:2      | Reached XP level 3. HP: 31/34 MP: 2/2
   782 | D:2      | Reached XP level 4. HP: 38/41 MP: 3/3
   782 | D:2      | Reached XP level 5. HP: 44/47 MP: 4/4
   815 | D:2      | Found an iron altar of Okawaru.
   818 | D:2      | Became a worshipper of Warmaster Okawaru
  1464 | D:3      | Found a shattered altar of Ashenzari.
  1465 | D:3      | Found a white marble altar of Elyvilon.
  1469 | D:3      | Found a hazy altar of Hepliaklqana.
  1534 | D:3      | Reached skill level 5 in Axes
  1630 | D:3      | Found a basalt altar of Yredelemnul.
  1972 | D:4      | Reached XP level 6. HP: 53/55 MP: 5/5
  2016 | D:4      | Reached skill level 5 in Fighting
  2016 | D:4      | Reached skill level 5 in Armour
  2137 | D:4      | Reached * piety under Okawaru
  2137 | D:4      | Reached skill level 6 in Axes
  2197 | D:4      | Reached XP level 7. HP: 60/61 MP: 6/6
  2206 | D:4      | Found a radiant altar of Vehumet.
  2217 | D:4      | Found an ancient bone altar of Kikubaaqudgha.
  2218 | D:4      | Found a deep blue altar of Sif Muna.
  2225 | D:4      | Identified Vehumet's Collected Works on Battle Magic
  2308 | D:4      | Learned a level 1 spell: Magic Dart
  2581 | D:5      | Entered Level 5 of the Dungeon
  2796 | D:5      | Got a steaming tin ring
  2829 | D:5      | Reached skill level 7 in Axes
  2843 | D:5      | Identified the ring "Meduec" {Fire rPois Str+3} (You found it on level 5 of the Dungeon)
  3508 | D:6      | Reached ** piety under Okawaru
  3611 | D:6      | Reached skill level 8 in Axes
  3611 | D:6      | Reached XP level 8. HP: 56/70 MP: 7/7
  3702 | D:6      | Reached skill level 5 in Dodging
  3703 | D:6      | Found a burning altar of Makhleb.
  4408 | D:7      | Reached skill level 9 in Axes
  4435 | D:7      | Reached *** piety under Okawaru
  4475 | D:7      | Reached skill level 10 in Axes
  4475 | D:7      | Reached XP level 9. HP: 37/79 MP: 8/8
  4862 | D:7      | Found a bloodstained altar of Trog.
  4897 | D:7      | Reached **** piety under Okawaru
  5241 | D:7      | Found a staircase to the Ecumenical Temple.
  5250 | Temple   | Entered the Ecumenical Temple
  5587 | D:8      | Found a stormy altar of Qazlal.
  5644 | D:8      | Reached skill level 11 in Axes
  5648 | D:8      | Upgraded the game from 0.22-a0-558-gc224181 to 0.22-a0-567-gff9aefc
  5755 | D:8      | Noticed a gargoyle
  5762 | D:8      | Killed a gargoyle
  6210 | D:9      | Noticed a two-headed ogre
  6214 | D:9      | Killed a two-headed ogre
  6214 | D:9      | Reached ***** piety under Okawaru
  6214 | D:9      | Received a gift from Okawaru
  6214 | D:9      | Reached skill level 12 in Axes
  6214 | D:9      | Reached XP level 10. HP: 90/90 MP: 9/9
  6940 | D:10     | Entered Level 10 of the Dungeon
  6983 | D:10     | Found a staircase to the Lair.
  7015 | D:10     | Found a staircase to the Orcish Mines.
  7039 | D:10     | Reached skill level 13 in Axes
  7106 | D:10     | Reached skill level 10 in Fighting
  7201 | D:10     | Noticed a red ugly thing
  7209 | D:10     | Killed a red ugly thing
  7389 | D:10     | Noticed Joseph
  7395 | D:10     | Killed Joseph
  7513 | Lair:1   | Entered Level 1 of the Lair of Beasts
  7530 | Lair:1   | Noticed a seven-headed hydra
  7535 | Lair:1   | HP: 2/93 [seven-headed hydra (5)]
  7536 | Lair:1   | Slain by a seven-headed hydra

Vault maps used:
D:1:      lightli_iron_boxes
D:2:      overflow_temple_1_default, serial_corexii_hall,
          corexii_hall_statues_x, corexii_hall_statues_x, first_ration,
          minmay_pentomino_t4, uniq_sigmund
D:3:      gammafunk_temple_overflow_forgotten, yredelemnul_altar_generic,
          minmay_misc_feat_nine_boxes
D:4:      grunt_temple_overflow_magic_moments
D:5:      corexii_shack, minivault_24
D:6:      bloody_makhleb, minmay_misc_feat_hallway, kennysheep_nub
D:7:      kennysheep_mini_moat, minmay_temple_entry_fiery
D:8:      grunt_qazlal_clouds
D:10:     grunt_lair_entry_orc_guard_hut, minivault_24, uniq_joseph
Temple:   minmay_temple_curvy_loop
Lair:1:   st_stairs_6

Skill      XL: |  1  2  3  4  5  6  7  8  9 10 |
---------------+-------------------------------+-----
Axes           | 4 5 6 8 10 12 13 | 13.8
Dodging        | 2 3 4 5 |  5.0
Fighting       | 4 5 6 7 9 10 | 10.0
Armour         | 4 5 6 8 9 |  9.8
Shields        | |  3.6

Action                   |  1- 3 |  4- 6 |  7- 9 | 10-12 || total
-------------------------+-------+-------+-------+-------++-------
Melee: War axe           |    45 |    95 |   175 |       ||   315
       Headbutt          |     5 |    13 |    51 |    18 ||    87
       Battleaxe         |       |       |    95 |    89 ||   184
       Flail             |       |       |       |     2 ||     2
Evoke: Wand              |       |       |     3 |     3 ||     6
  Use: Scroll            |     3 |     7 |    10 |     2 ||    22
       Potion            |     2 |       |     2 |     3 ||     7
 Stab: Paralysed         |       |       |     1 |     4 ||     5
  Eat: Chunk             |       |     4 |     6 |     2 ||    12
       Ration            |       |       |     2 |     1 ||     3
Armor: Scale mail        |    35 |    23 |       |       ||    58
       Chain mail        |       |    42 |   163 |    16 ||   221
       Plate armour      |       |       |       |    45 ||    45
Dodge: Dodged            |    23 |    58 |   139 |    51 ||   271

Table legend:
 A = Spawn XP
 B = Non-spawn XP
 C = Spawn XP percentage of total XP
 D = Spawn monster count
 E = Non-spawn monster count
 F = Spawn count percentage of total count
 G = Total turns spent on level
                    A         B        C        D         E        F      G
               +---------+---------+-------+---------+---------+-------+---------
         Total |       0 |   10333 |   0.0 |       0 |     220 |   0.0 |  7536
               +---------+---------+-------+---------+---------+-------+---------
           D:1 |       0 |      26 |   0.0 |       0 |      14 |   0.0 |   523
           D:2 |       0 |     283 |   0.0 |       0 |      18 |   0.0 |   871
           D:3 |       0 |      54 |   0.0 |       0 |      18 |   0.0 |   523
           D:4 |       0 |     377 |   0.0 |       0 |      14 |   0.0 |   664
           D:5 |       0 |     517 |   0.0 |       0 |      22 |   0.0 |   893
           D:6 |       0 |     745 |   0.0 |       0 |      15 |   0.0 |   920
           D:7 |       0 |    1722 |   0.0 |       0 |      37 |   0.0 |   911
           D:8 |       0 |    1136 |   0.0 |       0 |      23 |   0.0 |   525
           D:9 |       0 |    2230 |   0.0 |       0 |      32 |   0.0 |   900
          D:10 |       0 |    3100 |   0.0 |       0 |      26 |   0.0 |   573
        Lair:1 |       0 |     143 |   0.0 |       0 |       1 |   0.0 |    23
               +---------+---------+-------+---------+---------+-------+---------
